 Dungeon Crawl Stone Soup version 0.22-a0-891-g4570db1 (webtiles) character file.

12268 Hedningen the Marksdemonspawn (level 11, -13/77 HPs)
             Began as a Demonspawn Archaeologist on Aug 16, 2019.
             Was a Priest of Yredelemnul.
             Mangled by a skeletal warrior
             ... wielding a +0 mace
             ... led by a skeletal warrior
              (20 damage)
             ... on level 11 of the Dungeon.
             The game lasted 00:21:45 (9512 turns).

Hedningen the Marksdemonspawn (DsAc)                Turns: 9512, Time: 00:21:46

Health: -13/77     AC: 10    Str: 13    XL:     11   Next: 60%
Magic:  9/9        EV: 11    Int: 17    God:    Yredelemnul [***...]
Gold:   502        SH:  0    Dex: 16    Spells: 9/10 levels left

rFire    . . .     SeeInvis +   e - +7 longbow "Piercer" {penet, EV-2}
rCold    . . .     Gourm    .   (shield currently unavailable)
rNeg     . . .     Faith    .   L - +2 leather armour "Giwiesod" {rPois SInv}
rPois    +         Spirit   .   F - +0 helmet
rElec    .         Reflect  .   J - +1 cloak
rCorr    .         Harm     .   (no gloves)
MR       +....                  (no boots)
Stlth    ++........             G - amulet of regeneration
HPRegen  1.02/turn              o - +2 ring of intelligence
MPRegen  0.11/turn              v - ring of wizardry

@: no status effects
A: talons 1, icy blue scales 1, clever 1, low mp 1, magic resistance 1, powered
by death 1, regeneration 1, spiny 2
a: Recall Undead Slaves, Injury Mirror, Animate Dead, Renounce Religion


You were on level 11 of the Dungeon.
You worshipped Yredelemnul.
Yredelemnul was most pleased with you.
You were not hungry.

You visited 2 branches of the dungeon, and saw 12 of its levels.
You also visited: Sewer.

You collected 637 gold pieces.
You spent 135 gold pieces at shops.

Inventory:

Hand Weapons
 e - the +7 longbow "Piercer" (weapon) {penet, EV-2} Ammo fired by it will pass through the targets it hits, potentially hitting all targets in its path until it reaches maximum range. It affects your evasion (-2).
 j - a +0 blowgun
 t - a +1 whip of venom
 H - a +0 quick blade
 M - a +4 scimitar of flaming
Missiles
 k - 91 poisoned needles
 m - 165 arrows (quivered)
Armour
 b - a +1 robe
 c - a +1 hat
 F - a +0 helmet (worn)
 J - a +1 cloak (worn)
 L - the +2 leather armour "Giwiesod" (worn) {rPois SInv}
   (You found it on level 10 of the Dungeon)

   It protects you from poison.
   It lets you see invisible.
 N - a +1 robe of cold resistance
 S - the +0 cloak of Limited Liability {MR+++ Int-2 SInv Stlth-}
   (You found it on level 11 of the Dungeon)

   It affects your intelligence (-2).
   It affects your resistance to hostile enchantments.
   It lets you see invisible.
   It makes you less stealthy.
Jewellery
 o - a +2 ring of intelligence (left hand)
 v - a ring of wizardry (right hand)
 G - an amulet of regeneration (around neck)
Wands
 w - a wand of flame (10)
 x - a wand of scattershot (5)
 B - a wand of paralysis (38)
 D - a wand of polymorph (3)
Scrolls
 a - 3 scrolls of teleportation {unknown}
 f - 7 scrolls of identify
 h - 4 scrolls of enchant armour
 i - 6 scrolls of amnesia
 n - 2 scrolls of enchant weapon
 p - 2 scrolls of random uselessness
 q - 4 scrolls of remove curse
 s - a scroll of blinking {unknown}
 y - a scroll of vulnerability {unknown}
 z - a scroll of recharging {unknown}
 A - a scroll of noise {unknown}
 I - 2 scrolls of torment {unknown}
 O - a scroll of immolation {unknown}
 R - a scroll of magic mapping
Potions
 d - 3 potions of flight {unknown}
 l - 5 potions of curing
 r - a potion of might
 u - a potion of cancellation {unknown}
 C - a potion of mutation
 E - a potion of magic {unknown}
 K - 3 potions of brilliance
 P - a potion of invisibility {unknown}
Comestibles
 g - 27 rations


   Skills:
 - Level 4.2 Fighting
 + Level 16.3 Bows
 - Level 2.6 Dodging
 - Level 0.8 Stealth


You had 9 spell levels left.
You knew the following spells:

 Your Spells              Type           Power        Failure   Level  Hunger
a - Corona                Hex            #......      12%         1    ##.....

Your spell library contained the following spells:

 Spells                   Type           Power        Failure   Level  Hunger
 Cause Fear               Hex            #.........   71%         4    #####..
 Conjure Flame            Conj/Fire      #.......     32%         3    ####...
 Slow                     Hex            #.......     17%         2    ###....
 Freezing Cloud           Conj/Ice/Air   #.........   100%        6    #######
 Mephitic Cloud           Conj/Pois/Air  #.......     32%         3    ####...
 Ring of Flames           Chrm/Fire      #.........   100%        7    #######
 Poisonous Cloud          Conj/Pois/Air  #.........   96%         5    ######.
 Spider Form              Tmut/Pois      #.........   32%         3    ####...
 Blade Hands              Tmut           #.........   96%         5    ######.
 Ice Form                 Ice/Tmut       #.......     71%         4    #####..
 Sticks to Snakes         Tmut           #.......     17%         2    ###....
 Portal Projectile        Hex/Tloc       #.....       32%         3    ####...
 Leda's Liquefaction      Hex/Erth       #.........   71%         4    #####..
 Inner Flame              Hex/Fire       #.......     32%         3    ####...
 Beastly Appendage        Tmut           #.....       12%         1    ##.....
 Poisonous Vapours        Pois/Air       #.....       17%         2    ###....


Dungeon Overview and Level Annotations

Branches:
Dungeon (11/15)            Temple (1/1) D:6            Lair (0/6) D:11
    Orc (0/2) D:11

Altars:
Ashenzari
Cheibriados
Dithmenos
Elyvilon
Fedhas
Gozag
Hepliaklqana
Jiyva
Kikubaaqudgha
Makhleb
Nemelex Xobeh
Okawaru
Qazlal
Ru
Sif Muna
Trog
Uskayaw
Vehumet
Wu Jian
Xom
Yredelemnul
Zin
The Shining One

Shops:
D:9 [}


Innate Abilities, Weirdness & Mutations

You have sharp toenails.
You are partially covered in icy blue scales. (AC +2)
You regenerate a little health from kills.
You are mostly covered in sharp spines.
Your mind is acute. (Int +2)
Your magical capacity is low. (-10% MP)
You are resistant to hostile enchantments. (MR+)
Your natural rate of healing is unusually fast.


Message History

You are too injured to fight recklessly!
You are too injured to fight recklessly!
You are too injured to fight recklessly!
You are too injured to fight recklessly!
Okay, then.
As you read the scroll labeled XOAMEE LUAJIJA, it crumbles to dust.
It is a scroll of enchant armour.
Your +0 cloak glows green for a moment.
The skeletal warrior hits you with an enchanted scimitar!
* * * LOW HITPOINT WARNING * * *
As you read the scroll labeled PACUEXICLU, it crumbles to dust.
You feel as if something is helping you.
It was a scroll of remove curse.
The skeletal warrior hits you from afar with a trident!
* * * LOW HITPOINT WARNING * * *
As you read the scroll labeled ELEOW VOGU, it crumbles to dust.
The dust glows faint chartreuse!
It was a scroll of random uselessness.
The skeletal warrior hits you with a mace!!
You die...
Your body rises from the dead as a mindless zombie.

# #.......## #.## ####.. #
##.#############(#### #..
##......#...........####..
#<..#.....#............#..
#).###...###.....#.#.#.#..
#...#..#..#zz.#........##.
#.#...###..z###..#.#.#.##.
#.##.## ##z## #........##.
#.#...###@..###..#.#.#.##.
#...#..#..#..##........##.
#..###...###..........##
#...#..#..#...#########
###...###...### #####
#####


You could see 4 skeletal warriors.

Vanquished Creatures
  Fannar (D:11)
  Erica (D:11)
  3 two-headed ogres
  An unseen horror (D:10)
  An ugly thing (D:11)
  Joseph (D:8)
  A troll (D:11)
  A queen bee (D:11)
  3 hippogriffs
  A water elemental (D:11)
  2 wraiths (D:11)
  An acid dragon (D:11)
  2 water moccasins
  6 sky beasts
  2 black bears
  An ice beast (D:5)
  An eye of draining (D:10)
  A necrophage (D:9)
  9 ogres
  A phantom (D:4)
  3 centaurs
  2 wolves (D:11)
  A crocodile (D:8)
  2 big kobolds
  3 bullfrogs
  A gnoll sergeant (D:9)
  A water moccasin zombie (D:10)
  4 scorpions
  21 killer bees
  8 wights
  An electric eel (D:11)
  6 howler monkeys
  8 crimson imps
  The ghost of Thibeeus the Grave Robber, a weakling FDNe (D:3)
  11 hounds
  2 jellies
  2 quasits
  A centaur zombie (D:11)
  3 bullfrog skeletons
  4 orc wizards
  A centaur skeleton (D:8)
  3 orc priests
  4 worker ants
  A killer bee zombie (D:7)
  A hound zombie (D:3)
  2 worker ant zombies
  5 gnolls (D:9)
  10 adders
  2 howler monkey skeletons
  2 river rats (Sewer)
  A shadow imp (D:7)
  2 oozes
  2 adder zombies
  3 worms (D:3)
  9 leopard geckos
  36 orcs
  6 giant cockroaches
  11 goblins
  12 hobgoblins
  11 jackals
  5 quokkas
  A ball python (D:4)
  8 bats
  5 frilled lizards
  A jackal skeleton (D:4)
  13 kobolds
  3 leopard gecko skeletons
  12 rats
297 creatures vanquished.

Notes
Turn   | Place    | Note
-------+----------+-------------------------------------------
     0 | D:1      | Hedningen the Demonspawn Archaeologist began the quest for the Orb.
     0 | D:1      | Reached XP level 1. HP: 18/18 MP: 1/1
   301 | D:1      | Gained mutation: You regenerate a little health from kills. [demonic ancestry]
   301 | D:1      | Reached XP level 2. HP: 22/24 MP: 1/2
   338 | D:1      | You fall through a shaft!
  1087 | D:2      | Found a glowing silver altar of Zin.
  1106 | D:2      | Gained mutation: You have sharp toenails. [demonic ancestry]
  1106 | D:2      | Reached XP level 3. HP: 30/30 MP: 2/3
  1491 | D:2      | Reached skill level 1 in Bows
  1787 | D:2      | Found an ancient bone altar of Kikubaaqudgha.
  1788 | D:2      | Found an opulent altar of Gozag.
  1894 | D:2      | Found a snail-covered altar of Cheibriados.
  1896 | D:2      | Found a burning altar of Makhleb.
  1896 | D:2      | Found a shimmering altar of Xom.
  1903 | D:2      | Found a shadowy altar of Dithmenos.
  1903 | D:2      | Found a shimmering altar of Xom.
  1903 | D:2      | Found a hide-covered altar of Uskayaw.
  1984 | D:3      | Reached skill level 2 in Bows
  2057 | D:3      | Reached skill level 3 in Bows
  2057 | D:3      | Gained mutation: You are partially covered in sharp spines. [demonic ancestry]
  2057 | D:3      | Reached XP level 4. HP: 16/37 MP: 3/4
  2063 | D:3      | Reached skill level 4 in Bows
  2065 | D:3      | Gained mutation: Your muscles are strong. (Str +2) [potion of mutation]
  2065 | D:3      | Lost mutation: Your muscles are strong. (Str +2) [potion of mutation]
  2065 | D:3      | Gained mutation: You are resistant to hostile enchantments. (MR+) [potion of mutation]
  2204 | D:3      | Reached XP level 5. HP: 42/42 MP: 5/5
  2302 | D:3      | Reached skill level 5 in Bows
  2359 | D:3      | Found a glowing drain.
  2363 | Sewer    | Entered a sewer
  2536 | Sewer    | Reached skill level 6 in Bows
  2536 | Sewer    | Reached XP level 6. HP: 47/48 MP: 6/6
  2557 | Sewer    | Found a glowing silver altar of Zin.
  2743 | D:3      | Noticed Thibeeus's ghost (weakling FDNe)
  2749 | D:3      | Killed Thibeeus's ghost
  3436 | D:4      | Reached skill level 7 in Bows
  3437 | D:4      | Found a blossoming altar of Fedhas.
  3484 | D:4      | Gained mutation: You are mostly covered in sharp spines. [demonic ancestry]
  3484 | D:4      | Reached XP level 7. HP: 54/54 MP: 6/7
  3612 | D:4      | Reached skill level 8 in Bows
  3878 | D:4      | Found a viscous altar of Jiyva.
  3904 | D:5      | Entered Level 5 of the Dungeon
  3987 | D:5      | Found a sacrificial altar of Ru.
  4233 | D:5      | Reached skill level 9 in Bows
  4288 | D:5      | Learned a level 1 spell: Corona
  4342 | D:5      | Reached XP level 8. HP: 51/60 MP: 7/8
  4462 | D:5      | Found a radiant altar of Vehumet.
  4468 | D:5      | Found a burning altar of Makhleb.
  4931 | D:6      | Reached skill level 10 in Bows
  5013 | D:6      | Found a snail-covered altar of Cheibriados.
  5230 | D:6      | Found a staircase to the Ecumenical Temple.
  5239 | Temple   | Entered the Ecumenical Temple
  5382 | Temple   | Became a worshipper of Yredelemnul the Dark
  5505 | D:6      | Found a white marble altar of Elyvilon.
  5955 | D:7      | Reached skill level 11 in Bows
  6038 | D:7      | Gained mutation: Your natural rate of healing is unusually fast. [mutagenic meat]
  6055 | D:7      | Reached XP level 9. HP: 65/65 MP: 9/9
  6746 | D:8      | Reached skill level 12 in Bows
  6769 | D:8      | Found a shadowy altar of Dithmenos.
  6807 | D:8      | Reached * piety under Yredelemnul
  6984 | D:8      | Noticed a two-headed ogre
  6989 | D:8      | Killed a two-headed ogre
  6989 | D:8      | Reached skill level 13 in Bows
  6989 | D:8      | Gained mutation: You are partially covered in icy blue scales. (AC +2) [demonic ancestry]
  6989 | D:8      | Reached XP level 10. HP: 54/72 MP: 9/10
  7061 | D:8      | Noticed Joseph
  7069 | D:8      | Killed Joseph
  7462 | D:9      | Found Rarai's Antique Armour Shop.
  7467 | D:9      | Bought a cloak for 135 gold pieces
  7558 | D:9      | Found a stormy altar of Qazlal.
  7685 | D:9      | Reached ** piety under Yredelemnul
  7789 | D:9      | Noticed a two-headed ogre
  7801 | D:9      | Killed a two-headed ogre
  7801 | D:9      | Reached skill level 14 in Bows
  7864 | D:9      | Found Segyinuc's Gadget Boutique.
  7889 | D:9      | Found an iron altar of Okawaru.
  8003 | D:9      | Found a basalt altar of Yredelemnul.
  8127 | D:10     | Entered Level 10 of the Dungeon
  8205 | D:10     | Gained mutation: Your magical capacity is low. (-10% MP) [mutagenic meat]
  8356 | D:10     | Noticed a two-headed ogre
  8360 | D:10     | Killed a two-headed ogre
  8541 | D:10     | Got a fine leather armour
  8542 | D:10     | Identified the +2 leather armour "Giwiesod" {rPois SInv} (You found it on level 10 of the Dungeon)
  8714 | D:10     | Noticed an unseen horror
  8719 | D:10     | Killed an unseen horror
  8719 | D:10     | Reached skill level 15 in Bows
  8719 | D:10     | Reached XP level 11. HP: 77/77 MP: 9/9
  8803 | D:11     | Noticed Erica
  8811 | D:11     | Killed Erica
  8946 | D:11     | Found a staircase to the Orcish Mines.
  9024 | D:11     | Reached *** piety under Yredelemnul
  9044 | D:11     | Found a staircase to the Lair.
  9072 | D:11     | Reached skill level 16 in Bows
  9139 | D:11     | Noticed Fannar
  9160 | D:11     | Killed Fannar
  9254 | D:11     | Got a fine cloak
  9255 | D:11     | Identified the +0 cloak of Limited Liability {MR+++ Int-2 SInv Stlth-} (You found it on level 11 of the Dungeon)
  9289 | D:11     | Noticed a brown ugly thing
  9306 | D:11     | Killed a brown ugly thing
  9315 | D:11     | Gained mutation: Your mind is acute. (Int +2) [mutagenic meat]
  9500 | D:11     | Noticed a skeletal warrior
  9500 | D:11     | Noticed a skeletal warrior
  9502 | D:11     | Noticed a skeletal warrior
  9505 | D:11     | Noticed a skeletal warrior
  9512 | D:11     | Mangled by a skeletal warrior

Vault maps used:
D:1:      dpeg_arrival_simpleton_a
D:2:      lemuel_crystal_altar, doesnt_xom_only_xom,
          gammafunk_temple_overflow_pools, first_ration
D:3:      gup_sewer_entry_spiral
D:4:      fedhas_bush_and_centaur_altar, marbit_many_paths
D:5:      grunt_temple_overflow_lords_of_destruction,
          nicolae_ru_sacrificial_ziggurat, grunt_ministairs_3
D:6:      elyvilon_altar_3, kennysheep_little_box, minmay_temple_entry_overgrown
D:8:      nicolae_dithmenos_through_a_glass_darkly, uniq_joseph
D:9:      grunt_qazlal_sundering, overflow_temple_1_default, basic_altar,
          serial_shops, shop_fountains, nicolae_shop_window_shopping
D:11:     erik_lair_island, david_orc_2, serial_glass, glass_columns_a,
          glass_columns_a, glass_columns_b, glass_columns_c, glass_columns_b,
          glass_columns_a, glass_columns_a, glass_columns_b, glass_columns_b,
          glass_columns_a, glass_columns_c, glass_columns_a, glass_columns_b,
          glass_columns_a, minmay_strange_pillars, david_nohive_1, uniq_fannar,
          uniq_erica
Temple:   nicolae_temple_figure_zero
Sewer:    sewer_kobolds

Skill      XL: |  1  2  3  4  5  6  7  8  9 10 11 |
---------------+----------------------------------+-----
Fighting       | 4 |  4.2
Bows           | 3 4 6 7 9 11 13 15 16 | 16.3
Dodging        | |  2.6
Stealth        | |  0.8

Action                   |  1- 3 |  4- 6 |  7- 9 | 10-12 || total
-------------------------+-------+-------+-------+-------++-------
Melee: Whip              |   111 |    73 |       |       ||   184
       Kick              |    15 |    12 |       |       ||    27
 Fire: Longbow           |       |    39 |   204 |   273 ||   516
  Use: Scroll            |     3 |     4 |     1 |     8 ||    16
       Potion            |     1 |     3 |       |       ||     4
 Stab: Sleeping          |     6 |       |       |       ||     6
  Eat: Chunk             |     4 |     3 |     9 |    10 ||    26
       Ration            |       |     1 |       |       ||     1
Armor: Robe              |    21 |    16 |    17 |     2 ||    56
       Skin              |     4 |    30 |       |       ||    34
       Leather armour    |       |       |       |     6 ||     6
Dodge: Dodged            |    77 |    44 |    19 |    38 ||   178

Table legend:
 A = Spawn XP
 B = Non-spawn XP
 C = Spawn XP percentage of total XP
 D = Spawn monster count
 E = Non-spawn monster count
 F = Spawn count percentage of total count
 G = Total turns spent on level
                    A         B        C        D         E        F      G
               +---------+---------+-------+---------+---------+-------+---------
         Total |       0 |   17527 |   0.0 |       0 |     297 |   0.0 |  9512
               +---------+---------+-------+---------+---------+-------+---------
           D:1 |       0 |      25 |   0.0 |       0 |      15 |   0.0 |  1011
           D:2 |       0 |      30 |   0.0 |       0 |      12 |   0.0 |   961
           D:3 |       0 |     318 |   0.0 |       0 |      50 |   0.0 |  1179
           D:4 |       0 |     556 |   0.0 |       0 |      24 |   0.0 |   512
           D:5 |       0 |     784 |   0.0 |       0 |      22 |   0.0 |  1010
           D:6 |       0 |     544 |   0.0 |       0 |      13 |   0.0 |   715
           D:7 |       0 |     819 |   0.0 |       0 |      15 |   0.0 |   809
           D:8 |       0 |    3366 |   0.0 |       0 |      35 |   0.0 |   805
           D:9 |       0 |    1807 |   0.0 |       0 |      24 |   0.0 |   727
          D:10 |       0 |    2982 |   0.0 |       0 |      20 |   0.0 |   674
          D:11 |       0 |    6156 |   0.0 |       0 |      55 |   0.0 |   711
         Sewer |       0 |     140 |   0.0 |       0 |      12 |   0.0 |   241
               +---------+---------+-------+---------+---------+-------+---------
